Map: Kairos Junction LE

Players

Piroxiljin - Winner!

  • Race: Terran Terran
  • Spawn Location: 5:00

A.I. 1 (Harder)

  • Race: Protoss Protoss
  • Spawn Location: 11:00

VOD

Have the link to the VOD?

Description

Time

  • Played on: Feb. 3, 2019, 11:41 a.m.
  • Length: 20:05
Show
View Real Time Build Order
Export as new Build Order

Piroxiljin Terran - Winner!

Build Orders: Mech 

Get SALT Encoding   

  12  0:01  SCV  
  13  0:24  Supply Depot  
  13  0:28  SCV  
  14  0:34  Refinery  
  14  0:40  SCV  
  15  0:52  Barracks  
  15  0:56  SCV  
  16  1:12  SCV  
  17  1:29  SCV  
  18  1:43  Refinery  
  18  1:51  Factory  
  18  1:54  Orbital Command  
  18  2:04  Supply Depot  
  18  2:14  Marine  
  19  2:24  SCV  
  20  2:35  Barracks Tech Lab  
  20  2:36  SCV  
  21  2:38  Widow Mine  
  23  2:48  SCV  
  24  3:14  Command Center  
  24  3:21  Barracks Tech Lab  
  24  3:22  Supply Depot  
  24  3:25  Siege Tank  
  27  3:32  SCV  
  28  3:40  Concussive Shells  
  28  3:42  Marauder  
  28  3:44  SCV  
  31  3:58  Barracks  
  31  4:04  Siege Tank  
  31  4:08  Marauder  
  36  4:10  SCV  
  36  4:17  Factory  
  37  4:22  SCV  
  38  4:34  SCV  
  38  4:35  Marauder  
  38  4:36  Cyclone  
  43  5:13  Barracks Tech Lab  
  43  5:27  Widow Mine  
  45  5:34  Siege Tank  
  48  5:38  Marauder  
  50  5:44  Barracks Reactor  
  50  5:46  Factory  
  50  5:52  SCV  
  51  6:03  SCV  
  52  6:04  SCV  
  52  6:10  Supply Depot  
  53  6:12  Supply Depot  
  53  6:15  SCV  
  54  6:21  SCV, Siege Tank  
  58  6:27  SCV, Refinery  
  59  6:39  SCV  
  46  7:16  Siege Tank x2  
  52  7:48  Siege Tank  
  52  7:50  Factory  
  55  7:56  Siege Tank, Widow Mine  
  55  7:57  Barracks Tech Lab  
  60  8:04  Supply Depot  
  60  8:17  Siege Tank  
  63  8:20  Orbital Command  
  63  8:28  Supply Depot  
  63  8:35  Siege Tank  
  63  8:36  Siege Tank  
  63  8:38  Marine  
  63  8:39  Marine x2  
  72  8:49  Widow Mine  
  74  8:56  Marine  
  74  8:57  Marauder  
  74  8:59  SCV  
  74  9:02  Refinery  
  78  9:03  SCV  
  79  9:11  SCV  
  79  9:16  SCV  
  81  9:17  Supply Depot  
  81  9:19  Marauder, Supply Depot  
  81  9:20  Supply Depot  
  81  9:21  Factory Tech Lab  
  81  9:22  Engineering Bay  
  81  9:23  SCV  
  84  9:28  SCV  
  85  9:33  Marine  
  86  9:39  SCV, Marine  
  86  9:40  Marauder  
  90  9:51  SCV, Marine  
  92  10:01  Marauder  
  92  10:03  SCV  
  95  10:15  SCV  
  94  10:27  SCV  
  95  10:37  Marine x3  
  95  10:39  SCV, Siege Tank x2  
  95  10:42  Terran Infantry Weapons Level 1  
  105  10:51  Missile Turret  
  105  10:55  Marine  
  105  10:56  Marauder  
  108  11:17  Marauder  
  106  12:45  Marine x2  
  106  12:46  Marauder  
  110  13:15  Supply Depot  
  110  13:16  Terran Infantry Armor Level 1, Supply Depot  
  110  13:23  Armory  
  110  13:25  Armory  
  110  13:36  SCV, Siege Tank x2  
  110  13:38  Cyclone, Marauder, Siege Tank  
  119  13:48  SCV  
  119  13:54  Marine x2  
  116  13:59  Marine  
  116  14:00  SCV  
  118  14:08  Cyclone x2  
  121  14:10  Cyclone  
  121  14:12  SCV, Marine  
  121  14:15  Barracks  
  121  14:16  Barracks  
  126  14:38  Cyclone, Marine x3  
  132  14:53  Supply Depot  
  132  14:54  Supply Depot  
  132  14:55  Supply Depot  
  132  14:57  Supply Depot  
  132  15:00  Supply Depot  
  132  15:02  Cyclone  
  132  15:06  Cyclone  
  132  15:07  Cyclone  
  123  15:22  Supply Depot  
  123  15:33  Widow Mine  
  123  15:34  Widow Mine  
  127  15:39  Widow Mine  
  127  15:40  Widow Mine  
  127  15:41  Terran Vehicle Weapons Level 1  
  131  15:43  Command Center  
  131  15:54  Widow Mine  
  131  15:55  Thor  
  139  15:59  Thor  
  139  16:00  Barracks Reactor, Thor  
  139  16:03  Barracks Reactor  
  151  16:05  Marine x2  
  151  16:06  Marine  
  154  16:15  Thor  
  160  16:23  Marine  
  134  16:54  Siege Tank, Thor x2  
  133  16:58  Siege Tank  
  148  18:28  Thor x3  
  148  18:29  Siege Tank  
  169  18:52  Marine x3  
  169  18:53  Marine x4  
  176  18:56  SCV  
  176  19:01  Siege Tank  
  180  19:08  SCV  
  181  19:11  Siege Tank x2  
  181  19:12  Siege Tank  
  190  19:20  Refinery  
  190  19:35  Missile Turret  
  190  19:39  Missile Turret  
Show
View Real Time Build Order
Export as new Build Order

A.I. 1 (Harder) Protoss 

Build Orders:  

Get SALT Encoding   

  12  0:00  Probe  
  13  0:13  Probe  
  14  0:20  Pylon  
  14  0:25  Probe  
  15  0:34  Probe  
  15  0:42  Probe  
  16  0:47  Assimilator  
  17  0:50  Gateway  
  17  0:51  Probe  
  18  0:59  Probe  
  18  1:01  Pylon  
  19  1:22  Probe  
  20  1:38  Zealot  
  22  1:40  Cybernetics Core  
  22  1:43  Gateway  
  22  1:47  Assimilator  
  22  1:57  Zealot  
  22  2:01  Pylon  
  24  2:24  Stalker  
  24  2:27  Warp Gate  
  26  2:30  Adept  
  28  2:44  Pylon  
  28  2:47  Stalker  
  30  3:00  Zealot  
  32  3:13  Stalker  
  34  3:27  Stalker  
  36  3:42  Stalker  
  36  3:46  Pylon, Probe  
  39  3:57  Zealot  
  39  3:58  Probe  
  41  4:09  Forge  
  41  4:10  Probe  
  42  4:17  Stalker  
  42  4:22  Probe  
  45  4:26  Pylon  
  45  4:31  Adept  
  45  4:34  Probe  
  48  4:41  Stalker  
  50  4:46  Probe  
  51  4:59  Probe  
  51  5:07  Probe  
  52  5:58  Sentry  
  52  5:59  Protoss Ground Weapons Level 1  
  52  6:00  Gateway  
  52  6:04  Robotics Facility  
  54  6:05  Stalker, Nexus, Twilight Council  
  54  6:09  Pylon  
  56  6:12  Photon Cannon  
  56  6:21  Stalker  
  58  6:28  Sentry  
  60  6:38  Photon Cannon  
  60  6:42  Blink  
  60  6:44  Zealot  
  56  6:51  Zealot  
  56  6:53  Observer  
  51  6:58  Adept  
  45  7:05  Zealot  
  47  7:08  Observer  
  47  7:13  Stalker  
  50  7:20  Stalker  
  50  7:21  Probe  
  53  7:25  Probe  
  54  7:33  Probe  
  54  7:37  Probe  
  56  7:41  Stalker  
  58  7:45  Protoss Ground Armor Level 1, Probe  
  58  7:49  Stalker, Probe  
  62  7:57  Stalker, Probe  
  65  8:01  Probe  
  66  8:06  Adept  
  66  8:09  Probe  
  66  8:12  Probe  
  69  8:14  Pylon  
  69  8:17  Probe  
  70  8:20  Probe, Pylon  
  70  8:25  Probe  
  72  8:28  Probe  
  72  8:32  Stargate  
  74  8:35  Probe  
  74  8:39  Probe  
  74  8:40  Forge  
  76  8:47  Photon Cannon  
  76  8:52  Photon Cannon  
  76  9:19  Assimilator  
  76  9:22  Assimilator  
  76  9:44  Probe  
  76  9:45  Probe  
  78  10:01  Immortal  
  78  10:04  Gateway  
  78  10:05  Protoss Ground Weapons Level 2  
  78  10:06  Zealot  
  84  10:07  Pylon  
  84  10:11  Stalker  
  84  10:12  Nexus  
  84  10:26  Protoss Ground Armor Level 2  
  84  10:29  Stalker  
  86  10:40  Warp Prism  
  88  11:05  Protoss Air Weapons Level 1  
  88  11:07  Warp Prism  
  90  11:25  Probe  
  90  11:26  Probe  
  90  11:31  Probe  
  93  11:35  Probe  
  93  11:37  Assimilator  
  93  11:38  Probe  
  95  11:41  Warp Prism  
  95  11:43  Assimilator, Probe  
  95  11:47  Probe  
  98  11:50  Probe  
  100  11:55  Probe  
  100  11:59  Probe  
  102  12:02  Probe  
  102  12:04  Sentry  
  102  12:07  Probe  
  92  12:09  Zealot  
  92  12:15  Stalker  
  76  12:17  Observer  
  76  12:20  Stalker  
  75  12:27  Zealot  
  70  12:32  Stalker  
  70  12:33  Void Ray  
  73  12:38  Zealot  
  73  12:43  Stalker  
  57  12:45  Observer  
  57  12:48  Stalker  
  55  12:53  Zealot  
  45  12:59  Stalker  
  45  13:04  Stalker  
  45  13:07  Void Ray  
  45  13:12  Probe, Zealot  
  46  13:14  Probe  
  46  13:17  Stalker  
  46  13:18  Pylon  
  42  13:22  Sentry  
  42  13:27  Zealot  
  43  13:34  Probe x2  
  40  13:41  Stalker  
  40  13:46  Probe  
  43  13:49  Void Ray  
  47  13:59  Zealot  
  47  14:00  Probe  
  48  14:03  Probe  
  49  14:10  Nexus  
  49  14:12  Probe  
  49  14:15  Probe  
  51  14:19  Stalker  
  53  14:24  Probe  
  53  14:27  Probe  
  55  14:36  Probe  
  56  14:39  Probe  
  56  14:44  Zealot  
  59  14:58  Stalker  
  57  15:10  Pylon  
  58  15:14  Probe  
  58  15:17  Probe  
  59  15:21  Zealot  
  61  15:35  Sentry  
  63  15:37  Robotics Facility  
  63  15:46  Gateway  
  63  15:50  Stalker  
  65  16:08  Adept  
  69  16:34  Zealot  
  69  16:36  Nexus  
  49  16:49  Stalker  
  45  17:06  Stalker  
  43  17:29  Stalker  
  44  17:44  Sentry  
  44  17:51  Probe  
  35  17:59  Zealot  
  30  18:12  Void Ray  
  27  18:15  Adept  
  28  18:24  Probe  
  32  18:35  Stalker, Nexus  
  33  18:54  Probe x2  
  33  18:58  Zealot  
  33  19:00  Gateway  
  35  19:06  Probe x2  
  36  19:18  Stalker, Probe x2  
  39  19:27  Stargate  
  39  19:29  Probe  
  39  19:30  Probe  
  41  19:37  Probe  
  38  19:41  Stalker  
  38  19:42  Probe  
  40  19:46  Probe  
Tags
 
Composition
Mech
Matchup
PvT
Spawn Locations
Cross Positions
Add a new tag
Caveats
  • Supply blocks, unpowered buildings, or Contaminate may cause inaccurate times.
  • Supply counts are checked every 10 seconds.